 Dungeon Crawl Stone Soup version 0.22.0-49-gab54619674 (webtiles) character file.

20 JedernureinKreuz the Conjurer (level 2, -6/15 HPs)
             Began as a Deep Elf Conjurer on Sept 7, 2018.
             Mangled by a killer bee zombie (8 damage)
             ... on level 2 of the Dungeon.
             The game lasted 00:03:09 (1115 turns).

JedernureinKreuz the Conjurer (Deep Elf Conjurer)   Turns: 1115, Time: 00:03:10

Health: -6/15      AC:  2    Str:  5    XL:     2   Next: 58%
Magic:  4/8        EV: 13    Int: 19    God:
Gold:   96         SH:  0    Dex: 15    Spells: 6/7 levels left

rFire    . . .     SeeInvis .   j - +2 short sword (speed)
rCold    . . .     Gourm    .   (no shield)
rNeg     . . .     Faith    .   a - +0 robe
rPois    .         Spirit   .   (no helmet)
rElec    .         Reflect  .   (no cloak)
rCorr    .         Harm     .   (no gloves)
MR       .....                  (no boots)
Stlth    ++........             (no amulet)
HPRegen  0.05/turn              (no ring)
MPRegen  0.11/turn              (no ring)

@: no status effects
A: no striking features
a: no special abilities


You were on level 2 of the Dungeon.
You were not hungry.

You visited 1 branch of the dungeon, and saw 2 of its levels.

You collected 96 gold pieces.

Inventory:

Hand Weapons
 f - a +0 short sword
 j - a +2 short sword of speed (weapon)
Missiles
 k - 25 poisoned needles (quivered)
Armour
 a - a +0 robe (worn)
Jewellery
 e - a +1 ring of protection {unknown}
 h - an uncursed ring of poison resistance {unknown}
Scrolls
 b - 2 scrolls of fear {unknown}
 d - a scroll of immolation {unknown}
 g - a scroll of identify {unknown}
 i - a scroll of enchant weapon {unknown}
 l - a scroll of magic mapping {unknown}
Comestibles
 c - 3 rations
 m - a chunk of flesh


   Skills:
 + Level 0.6 Short Blades
 + Level 2.7 Dodging
 + Level 2.8 Stealth
 + Level 3.3 Spellcasting
 + Level 4.6 Conjurations


You had 6 spell levels left.
You knew the following spells:

 Your Spells              Type           Power        Failure   Level  Hunger
a - Magic Dart            Conj           ###.         2%          1    None

Your spell library contained the following spells:

 Spells                   Type           Power        Failure   Level  Hunger
 Searing Ray              Conj           ###...       3%          2    ##.....
 Dazzling Spray           Conj/Hex       ##....       17%         3    ###....
 Iskenderun's Mystic Bla  Conj           ###.....     22%         4    ####...
 Force Lance              Conj/Tloc      ##......     50%         4    ####...
 Fulminant Prism          Conj/Hex       ##........   50%         4    ####...


Dungeon Overview and Level Annotations

Branches:
Dungeon (2/15)

Altars:
Elyvilon


Message History

Confirm with . or Enter, or press ? or * to list all spells.
Aiming: Magic Dart (safe; 2% risk of failure)
Press: ? - help, Shift-Dir - straight line, f/p - killer bee zombie
Aim: a killer bee zombie (heavily damaged)
The magic dart hits the killer bee zombie.
The killer bee zombie is severely damaged.
The killer bee zombie hits you.
The killer bee zombie barely misses you.
Casting: Magic Dart (safe; 2% risk of failure)
Confirm with . or Enter, or press ? or * to list all spells.
Aiming: Magic Dart (safe; 2% risk of failure)
Press: ? - help, Shift-Dir - straight line, f/p - killer bee zombie
Aim: a killer bee zombie (severely damaged)
The magic dart hits the killer bee zombie.
The killer bee zombie is severely damaged.
The killer bee zombie hits you.
* * * LOW HITPOINT WARNING * * *
The killer bee zombie hits you!
Ouch! That really hurt!
You die...

#####.#.##.## #..
#.#†##.# #.###
####.#.##.# #.#..
#....#.##.# #.#.#
#.##.#.##.# #.#.#
#.##.#.##.# #.#.#
#.##)#.##.####.#.#
##............)#Z#
#.....#.......@.#
8##.############..#
.##.# #..# ._#.#
#..# .#### #..# 8##
#..# # #..# #..#


You could see a killer bee zombie.

Vanquished Creatures
  A dart slug (D:1)
  2 giant cockroaches (D:1)
  A goblin (D:2)
  A hobgoblin (D:2)
  2 kobolds
  A ball python (D:2)
  7 bats
  A frilled lizard (D:2)
  4 rats (D:1)
20 creatures vanquished.

Notes
Turn   | Place    | Note
-------+----------+-------------------------------------------
     0 | D:1      | JedernureinKreuz the Deep Elf Conjurer began the quest for
                  | the Orb.
     0 | D:1      | Reached XP level 1. HP: 10/10 MP: 6/6
   458 | D:1      | Reached XP level 2. HP: 15/15 MP: 8/8
  1080 | D:2      | Found a white marble altar of Elyvilon.
  1115 | D:2      | Mangled by a killer bee zombie

Action                   || total
-------------------------++-------
Melee: Short sword       ||    10
 Cast: Magic Dart        ||    37
Armor: Robe              ||     2
Dodge: Dodged            ||     5
